 Dungeon Crawl Stone Soup version 0.21-a0-442-g848f44b (webtiles) character file.

273 mortelune the Skirmisher (level 6, -1/57 HPs)
             Began as a Minotaur Berserker on Nov 16, 2017.
             Was a Priest of Trog.
             Succumbed to an orc wizard's poison
             ... on level 4 of the Dungeon.
             The game lasted 00:05:29 (2574 turns).

mortelune the Skirmisher (Minotaur Berserker)       Turns: 2574, Time: 00:05:30

Health: -1/57      AC:  6    Str: 24    XL:     6   Next: 2%
Magic:  5/5        EV: 10    Int:  4    God:    Trog [***...]
Gold:   119        SH:  0    Dex:  9    Spells: 5/5 levels left

rFire    . . .     SeeInvis .   a - +0 hand axe
rCold    . . .     Gourm    .   (no shield)
rNeg     . . .     Faith    .   y - +0 scale mail
rPois    .         Spirit   .   (helmet restricted)
rElec    .         Reflect  .   (no cloak)
rCorr    .         Harm     .   (no gloves)
MR       .....                  (no boots)
Stlth    ..........             (no amulet)
HPRegen  0.19/turn              (no ring)
MPRegen  0.09/turn              (no ring)

@: lethally poisoned (-1 -> -42), flying
A: retaliatory headbutt, horns 2
a: Berserk, Trog's Hand, Burn Spellbooks, Renounce Religion


You were on level 4 of the Dungeon.
You worshipped Trog.
Trog was most pleased with you.
You were very hungry.

You visited 1 branch of the dungeon, and saw 4 of its levels.

You collected 119 gold pieces.

Inventory:

Hand Weapons
 a - a +0 hand axe (weapon)
 b - a +0 hunting sling
 w - a +0 shortbow
Missiles
 m - 8 needles of sleeping
 n - 138 stones (quivered)
Armour
 y - a +0 scale mail (worn)
Scrolls
 d - 2 scrolls of identify {unknown}
 e - 2 scrolls of remove curse
 k - a scroll of immolation {unknown}
 o - a scroll of teleportation {unknown}
 p - 2 scrolls of recharging {unknown}
 s - 4 scrolls of blinking {unknown}
 z - a scroll of random uselessness {unknown}
 A - a scroll of enchant weapon {unknown}
Potions
 f - 2 potions of haste {unknown}
 g - a potion of invisibility {unknown}
 j - a potion of agility {unknown}
 l - a potion of mutation {unknown}
 r - a potion of curing {unknown}
 t - a potion of magic {unknown}
 u - a potion of might {unknown}
 v - a potion of flight
 x - a potion of ambrosia {unknown}
Comestibles
 c - 4 bread rations
 h - a royal jelly
 i - 12 fruits
 q - a meat ration


   Skills:
 + Level 6.3 Fighting
 + Level 6.3 Axes
 - Level 2.4 Armour
 - Level 2.1 Dodging


You had 5 spell levels left.
You didn't know any spells.

Dungeon Overview and Level Annotations

Branches:
Dungeon (4/15)
 Temple: D:4-7

Altars:
Ashenzari
Yredelemnul
The Shining One


Innate Abilities, Weirdness & Mutations

You reflexively headbutt those who attack you in melee.
You have a pair of horns on your head.


Message History

You slash the orc!
You kill the orc!
Trog accepts your kill.
You closely miss something.
* * * LOW HITPOINT WARNING * * *
You feel very sick.
You hear some strange, mumbled words.
A puff of flame appears from out of thin air!
The puff of flame hits you!
* * * LOW HITPOINT WARNING * * *
* * * LOW HITPOINT WARNING * * *
You feel very sick. Something hits you but does no damage.
You are more poisoned.
Things that are here:
a chain mail; an orc corpse It was a potion of flight.
You feel very buoyant.
You fly up into the air.
You die...

#...# ##.#.####.##
#...#####..#.##..#
#.........###....#
#.####..######.#.##..#
#.......# #.# #..#
#.#####.# ## #...#
#.##### ##..# #.....#
#..# #####@# ... #.#
#.#. #)# #.# #.# ..?
###


There were no monsters in sight!

Vanquished Creatures
  A centaur (D:3)
  2 hounds
  2 worker ants
  An adder (D:3)
  2 worms
  2 dart slugs
  A leopard gecko (D:2)
  5 orcs
  6 bats
  2 giant cockroaches (D:3)
  7 goblins
  7 hobgoblins
  4 jackals
  9 kobolds
  2 frilled lizards
  6 rats
59 creatures vanquished.

Notes
Turn   | Place    | Note
-------+----------+-------------------------------------------
     0 | D:1      | mortelune the Minotaur Berserker began the quest for the Orb.
     0 | D:1      | Reached XP level 1. HP: 19/19 MP: 0/0
   102 | D:1      | Reached XP level 2. HP: 27/27 MP: 1/1
   610 | D:2      | Reached XP level 3. HP: 32/34 MP: 2/2
   638 | D:2      | Reached ** piety under Trog
  1364 | D:3      | Noticed a centaur
  1372 | D:3      | Killed a centaur
  1372 | D:3      | Reached skill level 5 in Fighting
  1372 | D:3      | Reached skill level 5 in Axes
  1372 | D:3      | Reached XP level 4. HP: 10/42 MP: 3/3
  1649 | D:3      | Reached XP level 5. HP: 48/50 MP: 4/4
  1677 | D:3      | Found a glowing golden altar of the Shining One.
  2181 | D:3      | Found a basalt altar of Yredelemnul.
  2183 | D:3      | Found a shattered altar of Ashenzari.
  2486 | D:4      | Reached XP level 6. HP: 51/57 MP: 5/5
  2572 | D:4      | Reached *** piety under Trog
  2573 | D:4      | HP: 1/57 [poisoned by an orc wizard]
  2574 | D:4      | Succumbed to an orc wizard's poison

Vault maps used:
D:1:      kennysheep_arrival_seaside
D:3:      lemuel_round_altar, chequers_temple_overflow_statue_of_worship
D:4:      minmay_temple_entry_glassed_door, first_bread, uniq_duvessa

Skill      XL: |  1  2  3  4  5 |
---------------+----------------+-----
Fighting       | 4 5 6 |  6.3
Axes           | 4 5 6 |  6.3
Armour         | |  2.4
Dodging        | |  2.1

Action                   |  1- 3 |  4- 6 || total
-------------------------+-------+-------++-------
Melee: Hand axe          |    69 |    63 ||   132
       Headbutt          |     9 |     8 ||    17
 Fire: Hunting sling     |     4 |       ||     4
Invok: Berserk           |     1 |       ||     1
  Use: Scroll            |     1 |       ||     1
       Potion            |       |     1 ||     1
 Stab: Sleeping          |     1 |       ||     1
  Eat: Chunk             |     1 |     4 ||     5
Armor: Animal skin       |    15 |     8 ||    23
       Scale mail        |       |    10 ||    10
Dodge: Dodged            |    65 |    35 ||   100

Table legend:
 A = Spawn XP
 B = Non-spawn XP
 C = Spawn XP percentage of total XP
 D = Spawn monster count
 E = Non-spawn monster count
 F = Spawn count percentage of total count
 G = Total turns spent on level
                    A         B        C        D         E        F      G
               +---------+---------+-------+---------+---------+-------+---------
         Total |       0 |     390 |   0.0 |       0 |      59 |   0.0 |  2574
               +---------+---------+-------+---------+---------+-------+---------
           D:1 |       0 |      30 |   0.0 |       0 |      16 |   0.0 |   554
           D:2 |       0 |      46 |   0.0 |       0 |      23 |   0.0 |  1017
           D:3 |       0 |     232 |   0.0 |       0 |      16 |   0.0 |   902
           D:4 |       0 |      82 |   0.0 |       0 |       4 |   0.0 |   101
               +---------+---------+-------+---------+---------+-------+---------
